 Dungeon Crawl Stone Soup version 0.29.1-12-g30fa7ad0bf (webtiles) character file.

Game seed: 7104220567696361884

17 ThatPearl the Vexing (level 2, 0/16 HPs)
             Began as a Deep Elf Arcane Marksman on Jan 3, 2023.
             Slain by a hobgoblin (2 damage)
             ... on level 1 of the Dungeon.
             The game lasted 00:02:21 (337 turns).

ThatPearl the Vexing (Deep Elf Arcane Marksman)      Turns: 337, Time: 00:02:22

Health: 0/16       AC:  2    Str:  7    XL:     2   Next: 44%
Magic:  3/6        EV: 13    Int: 17    God:
Gold:   42         SH:  0    Dex: 15    Spells: 3/4 levels left

rFire   . . .      SeeInvis .   a - +1 sling
rCold   . . .      Faith    .   (no shield)
rNeg    . . .      Spirit   .   c - +0 robe
rPois   .          Reflect  .   (no helmet)
rElec   .          Harm     .   (no cloak)
rCorr   .          Rampage  .   (no gloves)
Will    .....                   (no boots)
Stlth   +.........              (no amulet)
HPRegen 0.05/turn               (no ring)
MPRegen 0.10/turn               (no ring)

@: no status effects
A: no striking features
a: no special abilities


You were on level 1 of the Dungeon.
You visited 1 branch of the dungeon, and saw 1 of its levels.

You collected 42 gold pieces.

Inventory:

Hand Weapons
 a - a +1 sling (weapon)
 d - a +0 hand axe
Armour
 c - a +0 robe (worn)
Scrolls
 b - a scroll of poison
 e - a scroll of blinking {unknown}


   Skills:
 + Level 1.1 Fighting
 + Level 3.1 Ranged Weapons
 + Level 2.8 Dodging
 - Level 1.5 Spellcasting
 + Level 4.3 Hexes


You had 3 spell levels left.
You knew the following spells:

 Your Spells              Type           Power      Damage    Failure   Level
a - Slow                  Hex            64%        N/A       3%          1

Your spell library contained the following spells:

 Spells                   Type           Power      Damage    Failure   Level
 Inner Flame              Hex/Fire       8%         N/A       26%         3
 Portal Projectile        Hex/Tloc       16%        N/A       26%         3
 Cause Fear               Hex            8%         N/A       34%         4


Dungeon Overview and Level Annotations

Branches:
Dungeon (1/15)

Altars:


Message History

You see here a +0 club.
Aiming: Slow (safe; 3% risk of failure)
Press: ? - help, Q - select action, (/) - cycle Shift-Dir - straight line, f/p - hobgoblin
Aim: a hobgoblin (chance to affect: 72%)
The hobgoblin seems to slow down.
There's nothing to close nearby.
You open the door.
There is an open door here.
You close the door.
You start resting.
A hobgoblin opens the door.
You are too injured to fight recklessly!
You are too injured to fight recklessly!
There is an open door here.
Aiming: Slow (safe; 3% risk of failure)
Press: ? - help, Q - select action, (/) - cycle Shift-Dir - straight line, f/p - hobgoblin
Aim: a hobgoblin (chance to affect: 72%)
The hobgoblin struggles to resist.
The hobgoblin attacks as you move away! The hobgoblin misses you.
The hobgoblin attacks as you move away! The hobgoblin misses you.
Aiming: Slow (safe; 3% risk of failure)
Press: ? - help, Q - select action, (/) - cycle Shift-Dir - straight line, f/p - hobgoblin
Aim: a hobgoblin (chance to affect: 72%)
The hobgoblin struggles to resist.
The hobgoblin hits you.
* * * LOW HITPOINT WARNING * * *
Aiming: Slow (safe; 3% risk of failure)
Press: ? - help, Q - select action, (/) - cycle Shift-Dir - straight line, f/p - hobgoblin
Aim: a hobgoblin (chance to affect: 72%)
The hobgoblin struggles to resist.
The hobgoblin barely misses you.
Unknown command.
Aiming: Slow (safe; 3% risk of failure)
Press: ? - help, Q - select action, (/) - cycle Shift-Dir - straight line, f/p - hobgoblin
Aim: a hobgoblin (chance to affect: 72%)
The hobgoblin struggles to resist.
The hobgoblin hits you.
* * * LOW HITPOINT WARNING * * *
The hobgoblin attacks as you move away! The hobgoblin hits you.
You die...

####...## #.###
##'## #.# #.# #.#
#.# #.# ##.## #.#
##...####### #.#
#..........# #.#
###.#..#####.# #.#
...###....##.###@#
###.#..##......g.#
##.#.#####)#####
###.#####.#
#.......#
#########


You could see a hobgoblin.

Vanquished Creatures
  A gnoll (D:1)
  An endoplasm (D:1)
  2 giant cockroaches (D:1)
  A quokka (D:1)
  A frilled lizard (D:1)
  A kobold (D:1)
7 creatures vanquished.

Notes
Turn   | Place    | Note
-------+----------+-------------------------------------------
     0 | D:1      | ThatPearl the Deep Elf Arcane Marksman began the quest for
                  | the Orb.
     0 | D:1      | Reached XP level 1. HP: 11/11 MP: 5/5
    95 | D:1      | Reached skill level 1 in Fighting
    95 | D:1      | Reached XP level 2. HP: 12/16 MP: 4/6
   337 | D:1      | Slain by a hobgoblin

Illustrated notes

Levels and vault maps discovered:
D:1:      scummos_arrival_checkerplants, layout_loops_corners,
          chequers_serial_rivers_small_a, st_stairs_10,
          hangedman_abyss_or_decor_lesser_grid, serial_bayou_pond_e

Skill      XL: |  1 |
---------------+----+-----
Fighting       | 1 |  1.1
Ranged Weapons | 3 |  3.1
Dodging        | |  2.8
Spellcasting   | |  1.5
Hexes          | |  4.3

Action                   || total
-------------------------++-------
 Fire: Sling             ||    29
 Cast: Slow              ||    10
Armor: Robe              ||     1
Dodge: Dodged            ||     7
